 Dungeon Crawl Stone Soup version 0.22-a0-322-g60b3cfd (webtiles) character file.

121 corax the Skirmisher (level 4, -3/37 HPs)
             Began as a Mummy Fighter on Apr 2, 2018.
             Killed from afar by an orc wizard (7 damage)
             ... with a puff of flame
             ... on level 3 of the Dungeon.
             The game lasted 00:06:51 (1829 turns).

corax the Skirmisher (Mummy Fighter)                Turns: 1829, Time: 00:06:52

Health: -3/37      AC:  7    Str: 20    XL:     4   Next: 77%
Magic:  4/4        EV:  7    Int:  7    God:
Gold:   226        SH:  9    Dex: 11    Spells: 3/3 levels left

rFire    x x .     SeeInvis .   a - +0 war axe
rCold    + + .     Gourm    .   c - +0 shield
rNeg     + + +     Faith    .   b - +0 scale mail
rPois    ∞         Spirit   .   e - +0 helmet
rElec    .         Reflect  .   (no cloak)
rCorr    .         Harm     .   (no gloves)
MR       .....                  (no boots)
Stlth    +.........             (no amulet)
HPRegen  0.12/turn              g - ring of stealth
MPRegen  0.09/turn              j - ring of ice

@: no status effects
A: no food or potions, fire vulnerability, cold resistance 1, negative energy
resistance 3, torment resistance, unbreathing
a: no special abilities


You were on level 3 of the Dungeon.
You were not hungry.

You visited 1 branch of the dungeon, and saw 4 of its levels.

You collected 226 gold pieces.

Inventory:

Hand Weapons
 a - a +0 war axe (weapon)
Armour
 b - a +0 scale mail (worn)
 c - a +0 shield (worn)
 e - a +0 helmet (worn)
Jewellery
 g - a ring of stealth (left hand)
 j - a ring of ice (right hand)
 m - an uncursed ring of protection from magic {unknown}
 n - an uncursed ring of wizardry {unknown}
Scrolls
 d - a scroll of enchant weapon {unknown}
 f - 3 scrolls of identify {unknown}
 h - a scroll of remove curse {unknown}
 i - a scroll of immolation {unknown}
 k - 2 scrolls of teleportation {unknown}
 l - a scroll of fog {unknown}


   Skills:
 + Level 3.7 Fighting
 + Level 2.4 Axes
 + Level 3.0 Armour
 + Level 3.1 Shields


You had 3 spell levels left.
You didn't know any spells.

Dungeon Overview and Level Annotations

Branches:
Dungeon (4/15)
 Temple: D:4-7

Altars:
Hepliaklqana

Annotations:
D:2 Sigmund
D:3 sexinstructor's ghost, novice OgBe


Innate Abilities, Weirdness & Mutations

You do not eat or drink.
Your flesh is vulnerable to fire.
You are immune to poison.
Your flesh is cold resistant. (rC+)
You are immune to negative energy. (rN+++)
You are immune to unholy pain and torment.
You can survive without breathing.


Message History

The orc hits you with a falchion.
* * * LOW HITPOINT WARNING * * *
You block the orc's attack.
You closely miss the orc.
The orc is almost dead.
The orc closely misses you.
The orc wizard casts a spell.
The orc wizard flickers and vanishes!
Deactivating autopickup; reactivate with Ctrl-A.
You hit the orc.
You kill the orc!
You hear some strange, mumbled words.
A magic dart appears from out of thin air!
The magic dart hits you!
* * * LOW HITPOINT WARNING * * *
You closely miss something.
You hear some strange, mumbled words.
A puff of flame appears from out of thin air!
The puff of flame hits you! The fire burns you terribly!
You die...

#.# ####
########.# ....
.........# ####
#######..######.#
#..........
#.....###.#
#.....# .#
#####.....# .#
#..{@....## .#
#)######## .# ...
###.# #... #.<.#
..... #W###
.##... #.# # #...
#.# #### #{# #.#


There were no monsters in sight!

Vanquished Creatures
  Terence (D:3)
  Robin (D:2)
  4 oozes
  A worm (D:2)
  2 dart slugs
  A leopard gecko (D:2)
  3 orcs
  A ball python (D:1)
  A giant cockroach (D:1)
  10 goblins
  6 hobgoblins
  7 kobolds
  6 bats
  5 frilled lizards
  7 rats
  A fungus (D:1)
57 creatures vanquished.

Notes
Turn   | Place    | Note
-------+----------+-------------------------------------------
     0 | D:1      | corax the Mummy Fighter began the quest for the Orb.
     0 | D:1      | Reached XP level 1. HP: 18/18 MP: 1/1
   127 | D:1      | Reached XP level 2. HP: 24/24 MP: 2/2
   160 | D:2      | Noticed Robin
   182 | D:2      | Killed Robin
   182 | D:2      | Reached XP level 3. HP: 20/29 MP: 3/3
   912 | D:2      | Reached XP level 4. HP: 24/35 MP: 4/4
  1087 | D:2      | Noticed Terence
  1164 | D:2      | Found a faded altar of an unknown god.
  1174 | D:2      | Noticed Sigmund
  1202 | D:3      | Noticed sexinstructor's ghost (novice OgBe)
  1684 | D:3      | Found a hazy altar of Hepliaklqana.
  1816 | D:3      | Killed Terence
  1829 | D:3      | Killed from afar by an orc wizard

Vault maps used:
D:1:      shiori_shiawase, minivault_19, st_stairs_3, kennysheep_another_room,
          minmay_large_rounded_square, minmay_gold_behind_fungi, minivault_14
D:2:      chequers_ecumenical_altar_simple, hangedman_decor_lopped,
          minmay_pentomino_x2, uniq_terence, uniq_sigmund, uniq_robin
D:3:      overflow_temple_1_default
D:4:      kennysheep_goblin_castle, serial_shops, nicolae_shop_trees

Skill      XL: |  1  2  3  4 |
---------------+-------------+-----
Axes           | 2 |  2.4
Shields        | 3 |  3.1
Armour         | 3 |  3.0
Fighting       | |  3.7

Action                   |  1- 3 |  4- 6 || total
-------------------------+-------+-------++-------
Melee: War axe           |   123 |    74 ||   197
Armor: Scale mail        |    56 |    36 ||    92
Dodge: Dodged            |    35 |    25 ||    60
Block: Shield            |    75 |    46 ||   121

Table legend:
 A = Spawn XP
 B = Non-spawn XP
 C = Spawn XP percentage of total XP
 D = Spawn monster count
 E = Non-spawn monster count
 F = Spawn count percentage of total count
 G = Total turns spent on level
                    A         B        C        D         E        F      G
               +---------+---------+-------+---------+---------+-------+---------
         Total |       0 |     174 |   0.0 |       0 |      56 |   0.0 |  1829
               +---------+---------+-------+---------+---------+-------+---------
           D:1 |       0 |      54 |   0.0 |       0 |      26 |   0.0 |   792
           D:2 |       0 |      72 |   0.0 |       0 |      25 |   0.0 |   748
           D:3 |       0 |      48 |   0.0 |       0 |       5 |   0.0 |   285
               +---------+---------+-------+---------+---------+-------+---------
